 Dungeon Crawl Stone Soup version 0.21.1-1-g345015f (webtiles) character file.

4 Monsterracer the Shooter (level 1, 18/18 HPs)
             Began as a Draconian Wanderer on Feb 12, 2018.
             Quit the game on level 1 of the Dungeon.
             The game lasted 00:00:33 (330 turns).

Monsterracer the Shooter (Draconian Wanderer)        Turns: 330, Time: 00:00:33

Health: 18/18      AC:  4    Str: 15    XL:     1   Next: 50%
Magic:  1/1        EV: 11    Int: 13    God:
Gold:   0          SH:  0    Dex:  8    Spells: 0/0 levels left

rFire    . . .     SeeInvis .   f - +0 hand crossbow
rCold    . . .     Gourm    .   (no shield)
rNeg     . . .     Faith    .   (armour unavailable)
rPois    .         Spirit   .   (helmet restricted)
rElec    .         Reflect  .   (no cloak)
rCorr    .         Harm     .   (no gloves)
MR       .....                  (no boots)
Stlth    +.........             (no amulet)
HPRegen  0.06/turn              (no ring)
MPRegen  0.07/turn              (no ring)

@: no status effects
A: unfitting armour, cold-blooded, AC +4
a: no special abilities


You were on level 1 of the Dungeon.
You were not hungry.

You visited 1 branch of the dungeon, and saw 1 of its levels.

Inventory:

Hand Weapons
 a - a +2 shortbow
 f - a +0 hand crossbow (weapon)
Missiles
 b - 25 arrows
 d - 25 bolts (quivered)
Potions
 e - a potion of curing
Comestibles
 c - a ration


   Skills:
 + Level 2.4 Fighting
   Level 2.0 Staves
 + Level 3.7 Bows
   Level 1.0 Shields
   Level 1.0 Evocations


You couldn't memorise any spells.
You didn't know any spells.

Dungeon Overview and Level Annotations

Branches:
Dungeon (1/15)

Altars:


Innate Abilities, Weirdness & Mutations

Your plain brown scales are hard. (AC +4)
You cannot fit into any form of body armour.
You are cold-blooded and may be slowed by cold attacks.


Message History

Aim: a goblin You shoot a bolt.
The bolt barely misses the goblin.
The goblin hits you. x2
You take 4 damage, and have 9/17 hp.
MASSIVE DAMAGE!!
You are too injured to fight recklessly!
A goblin is nearby!
You are too injured to fight recklessly!
You are too injured to fight recklessly!
You are too injured to fight recklessly!
Firing (i - inventory):
d - 21 bolts (quivered)
Press: ? - help, Shift-Dir - straight line, f/p - goblin
Aim: a goblin You shoot a bolt.
The bolt hits the goblin but does no damage.
The goblin hits you but does no damage.
Firing (i - inventory):
d - 20 bolts (quivered)
Press: ? - help, Shift-Dir - straight line, f/p - goblin
Aim: a goblin You shoot a bolt.
The bolt closely misses the goblin.
The goblin hits you.
* * * LOW HITPOINT WARNING * * *
The goblin hits you.
* * * LOW HITPOINT WARNING * * *
You take 3 damage, and have 6/17 hp.
Firing (i - inventory):
d - 19 bolts (quivered)
Press: ? - help, Shift-Dir - straight line, f/p - goblin
Aim: a goblin You shoot a bolt.
The bolt hits the goblin.
The goblin is heavily wounded.
The goblin misses you.
Firing (i - inventory):
d - 18 bolts (quivered)
Press: ? - help, Shift-Dir - straight line, f/p - goblin
Aim: a goblin (heavily wounded)
You shoot a bolt. The bolt closely misses the goblin.
The goblin hits you.
* * * LOW HITPOINT WARNING * * *
The goblin hits you but does no damage.
You take 3 damage, and have 3/17 hp.
Firing (i - inventory):
d - 17 bolts (quivered)
Press: ? - help, Shift-Dir - straight line, f/p - goblin
Aim: a goblin (heavily wounded)
You shoot a bolt. The bolt hits the goblin!
You kill the goblin!
Firing (i - inventory):
d - 16 bolts (quivered)
Press: ? - help, Shift-Dir - straight line, f - you Really target yourself? [Y]es or [N]o only, please.
Really target yourself?
Okay, then.
HP restored.
d - 19 bolts (gained 3)
There is an open door here.
You see here a goblin skeleton.
Found an escape hatch in the floor.
Health restored: 17
d - 27 bolts (gained 8)
You open the door.
There is an open door here.
A giant cockroach comes into view.
A giant cockroach is nearby!
Firing (i - inventory):
d - 27 bolts (quivered)
Press: ? - help, Shift-Dir - straight line, f - giant cockroach
Aim: a giant cockroach (clinging, resting)
You shoot a bolt. The bolt hits the giant cockroach!
You kill the giant cockroach!
Health restored: 18 Firing (i - inventory):
d - 26 bolts (quivered)
Press: ? - help, Shift-Dir - straight line, f - you Really target yourself? [Y]es or [N]o only, please.
Really target yourself?
Okay, then.
d - 27 bolts (gained 1)
A frilled lizard comes into view.
Unknown command.
A frilled lizard is nearby!
Firing (i - inventory):
d - 27 bolts (quivered)
Press: ? - help, Shift-Dir - straight line, f - frilled lizard
Aim: a frilled lizard (resting)
You shoot a bolt. The bolt hits the frilled lizard!
You kill the frilled lizard!
Firing (i - inventory):
d - 26 bolts (quivered)
Press: ? - help, Shift-Dir - straight line, f - you Really target yourself? [Y]es or [N]o only, please.
Really target yourself?
Okay, then.
Unknown command.
You open the door.
There is an open door here.
A goblin comes into view.
The goblin shouts!
Found a scroll labeled AGIDEUW OVOMIT.
A goblin is nearby!
Firing (i - inventory):
d - 26 bolts (quivered)
Press: ? - help, Shift-Dir - straight line, f - goblin
Aim: a goblin You shoot a bolt.
The bolt hits the goblin!
You kill the goblin!
Firing (i - inventory):
d - 25 bolts (quivered)
Press: ? - help, Shift-Dir - straight line, f - you
Okay, then.
Are you sure you want to abandon this character and quit the game? (Confirm with "yes".)

#..#..##
#..'..##
#+##..##
#..## ##..#
#...+ ####
#..####
..##...###
#.###.###.
...?...@.#
#.........
###.##.#.#
#############
(..#.#
#.....#######
#....#.#
#.###........
#....#.###.#
#########
#....#.#...#
#
#...?#.'...#
#
...#####...#
#...#


There were no monsters in sight!

Vanquished Creatures
  A giant cockroach (D:1)
  2 goblins (D:1)
  A frilled lizard (D:1)
4 creatures vanquished.

Notes
Turn   | Place    | Note
-------+----------+-------------------------------------------
     0 | D:1      | Monsterracer the Draconian Wanderer began the quest for the Orb.
     0 | D:1      | Monsterracer set off with: a +2 shortbow, 25 arrows, a ration, 27 bolts, a potion of curing, a +0 hand crossbow
     0 | D:1      | Reached XP level 1. HP: 17/17 MP: 1/1
    10 | D:1      | HP: 8/17 [goblin (1)]
    12 | D:1      | HP: 3/17 [goblin (3)]
   330 | D:1      | Quit the game

Action                   || total
-------------------------++-------
 Fire: Hand crossbow     ||    14
Armor: Skin              ||     4
Dodge: Dodged            ||     3

Vault maps used:
D:1:      dpeg_arrival_short_road
